 Dungeon Crawl Stone Soup version 0.17.1-1-g73c8601 (console) character file.

205 Kloppie the Chopper (level 5, -7/45 HPs)
             Began as a Centaur Gladiator on Dec 28, 2015.
             Was an Initiate of Makhleb.
             Mangled by an ogre
             ... wielding a +0 giant club
              (26 damage)
             ... on level 4 of the Dungeon.
             The game lasted 00:04:36 (2883 turns).

Kloppie the Chopper (Centaur Gladiator)             Turns: 2883, Time: 00:04:36

Health: -7/45      AC:  7    Str: 18    XL:     5   Next: 52%
Magic:  5/5        EV:  8    Int:  7    God:    Makhleb [......]
Gold:   181        SH:  0    Dex: 10    Spells: 0 memorised, 4 levels left

rFire  . . .     SeeInvis .     a - +0 war axe
rCold  . . .     Clarity  .     m - +0 scale mail
rNeg   . . .     SustAt   .     (no shield)
rPois  .         Gourm    .     l - +0 helmet
rElec  .         Spirit   .     (no cloak)
rCorr  .         Warding  .     (no gloves)
rMut   .         Stasis   .     (no barding)
MR     .....                    (no amulet)
Stlth  ..........               (no ring)
                                (no ring)

@: very quick, not resistant to hostile enchantments, extremely unstealthy
A: hooves 3, deformed body, speed 2, tough skin 3
a: Renounce Religion


You were on level 4 of the Dungeon.
You worshipped Makhleb.
Makhleb was noncommittal.
You were not hungry.

You visited 2 branches of the dungeon, and saw 5 of its levels.

You collected 181 gold pieces.

Inventory:

Hand Weapons
 a - a +0 war axe (weapon)
Missiles
 d - a throwing net (quivered)
Armour
 l - a +0 helmet (worn)
 m - a +0 scale mail (worn)
Jewellery
 h - an uncursed amulet of clarity {unknown}
 y - a cursed amulet of inaccuracy {unknown}
Wands
 v - a wand of digging (11)
Scrolls
 c - a scroll of immolation {unknown}
 i - 2 scrolls of identify {unknown}
 j - a scroll of fog {unknown}
 k - 5 scrolls of teleportation {unknown}
 o - a scroll of random uselessness {unknown}
 r - a scroll of enchant armour {unknown}
 t - a scroll of recharging {unknown}
 u - 2 scrolls of enchant weapon {unknown}
 w - a scroll of remove curse {unknown}
 x - a scroll of magic mapping {unknown}
Potions
 b - a potion of degeneration {unknown}
 f - 4 potions of might {unknown}
 g - 2 potions of curing {unknown}
 n - 2 potions of heal wounds {unknown}
 z - 2 potions of lignification {unknown}
 A - a potion of flight {unknown}
Comestibles
 e - 6 bread rations
 p - 2 meat rations
 q - a beef jerky
 s - 3 chunks of flesh


   Skills:
 + Level 3.6 Fighting
 + Level 4.0 Axes
 - Level 2.1 Throwing
 + Level 3.2 Dodging


You had 4 spell levels left.
You didn't know any spells.

Dungeon Overview and Level Annotations

Branches:
Dungeon (4/15)             Temple (1/1) D:4

Altars:
Ashenzari
Elyvilon
Makhleb
Okawaru
Qazlal
Ru
Zin

Shops:
D:4 [[


Innate Abilities, Weirdness & Mutations

You have hooves in place of feet.
Armour fits poorly on your strangely shaped body.
You cover ground very quickly.
You have extremely tough skin (AC +3).


Message History

You hit the giant gecko.
You kill the giant gecko!
Makhleb accepts your kill.
You see here a giant gecko corpse.
A worm comes into view.
A worm is nearby!
The worm bites you.
* * * LOW HITPOINT WARNING * * *
You hit the worm.
The worm is lightly wounded.
The worm bites you.
* * * LOW HITPOINT WARNING * * *
You hit the worm but do no damage. You kick the worm.
The worm is lightly wounded.
You hit the ogre but do no damage. The ogre barely misses you.
You hit the worm but do no damage. You kick the worm.
The worm is moderately wounded.
You hit the ogre but do no damage. The ogre hits you with a giant club!!
Ouch! That really hurt!
You die...

#w#
##.##
#.#
#..#
#.#
#.##
#.###.#
#.##..#
#.#..##
##...##
#w..##
#@#.#
#O#.#
#.#.#
#...#
#..##
#.##
#.# #.#
###


You could see an ogre and a worm.

Vanquished Creatures
  An ogre (D:4)
  6 adders
  5 worms
  2 giant geckos
  6 orcs
  2 ball pythons
  3 bats
  2 giant cockroaches
  4 goblins
  5 hobgoblins
  2 quokkas (D:3)
  A giant newt (D:3)
  6 kobolds
  4 rats
49 creatures vanquished.

Notes
Turn   | Place    | Note
--------------------------------------------------------------
     0 | D:1      | Kloppie the Centaur Gladiator began the quest for the Orb.
     0 | D:1      | Reached XP level 1. HP: 17/17 MP: 1/1
   158 | D:1      | Reached XP level 2. HP: 14/24 MP: 2/2
   338 | D:1      | Reached skill level 3 in Axes
   933 | D:2      | Reached XP level 3. HP: 18/30 MP: 3/3
  1872 | D:2      | Reached XP level 4. HP: 34/37 MP: 4/4
  2637 | D:4      | Found Cipnuaf's Antique Armour Shop.
  2682 | D:4      | Found a staircase to the Ecumenical Temple.
  2697 | Temple   | Entered the Ecumenical Temple
  2732 | Temple   | Became a worshipper of Makhleb the Destroyer
  2781 | D:4      | Found Daclih Vaew's Armour Boutique.
  2783 | D:4      | Noticed an ogre
  2814 | D:4      | Killed an ogre
  2814 | D:4      | Reached skill level 4 in Axes
  2814 | D:4      | Reached XP level 5. HP: 18/45 MP: 5/5
  2836 | D:4      | Noticed an ogre
  2883 | D:4      | Mangled by an ogre

Action                   |  1- 3 |  4- 6 || total
-------------------------+-------+-------++-------
Melee: War axe           |   120 |    69 ||   189
Throw: Throwing net      |       |     2 ||     2
 Stab: Held in net/web   |       |     1 ||     1
  Eat: Chunk             |     1 |     4 ||     5
